 Dungeon Crawl Stone Soup version 0.22.0-16-gc6d26f69f9 (webtiles) character file.

277 Peloso the Covered (level 6, -5/53 HPs)
             Began as a Minotaur Fighter on Aug 18, 2018.
             Slain by a gnoll
             ... wielding a +0 flail
              (10 damage)
             ... on level 2 of the Dungeon.
             The game lasted 00:04:20 (2407 turns).

Peloso the Covered (Minotaur Fighter)               Turns: 2407, Time: 00:04:20

Health: -5/53      AC:  7    Str: 21    XL:     6   Next: 4%
Magic:  5/5        EV:  8    Int:  5    God:
Gold:   45         SH:  9    Dex: 11    Spells: 5/5 levels left

rFire    . . .     SeeInvis .   a - +0 long sword
rCold    . . .     Gourm    .   c - +0 shield
rNeg     . . .     Faith    .   b - +0 scale mail
rPois    .         Spirit   .   (helmet restricted)
rElec    .         Reflect  .   (no cloak)
rCorr    .         Harm     .   (no gloves)
MR       .....                  (no boots)
Stlth    ..........             (no amulet)
HPRegen  0.17/turn              (no ring)
MPRegen  0.09/turn              (no ring)

@: no status effects
A: retaliatory headbutt, horns 2
a: no special abilities


You were on level 2 of the Dungeon.
You were not hungry.

You visited 1 branch of the dungeon, and saw 3 of its levels.

You collected 45 gold pieces.

Inventory:

Hand Weapons
 a - a +0 long sword (weapon)
Armour
 b - a +0 scale mail (worn)
 c - a +0 shield (worn)
Scrolls
 g - a scroll of fog {unknown}
 h - 3 scrolls of identify {unknown}
 k - a scroll of blinking {unknown}
Potions
 d - a potion of might
 e - a potion of curing {unknown}
 i - a potion of heal wounds {unknown}
Comestibles
 f - 4 rations


   Skills:
 + Level 4.5 Fighting
 + Level 4.4 Long Blades
 + Level 5.4 Armour
 + Level 2.1 Dodging
 + Level 4.4 Shields


You had 5 spell levels left.
You didn't know any spells.
Your spell library was empty.

Dungeon Overview and Level Annotations

Branches:
Dungeon (3/15)

Altars:
Ashenzari
Makhleb
Vehumet
Yredelemnul


Innate Abilities, Weirdness & Mutations

You reflexively headbutt those who attack you in melee.
You have a pair of horns on your head.


Message History

You barely miss the gnoll. The gnoll hits you with a club.
You block the gnoll's attack.
You hit the gnoll.
The gnoll is almost dead.
The gnoll hits you with a club. The gnoll hits you with a flail!
* * * LOW HITPOINT WARNING * * *
The gnoll barely misses you.
Unknown command.
There is a stone staircase leading up, spattered with blood here.
The gnoll hits you with a flail.
* * * LOW HITPOINT WARNING * * *
You climb upwards.
There is a stone staircase leading down here.
You hit the gnoll.
The gnoll is lightly wounded.
The gnoll hits you but does no damage.
You hit the gnoll.
The gnoll is moderately wounded.
The gnoll hits you with a flail!
You die...

≈≈.≈#.# #.##..........##.#...#.#
≈≈≈.#.####.##.........##_.'.8.'._
≈≈≈≈#..................##.#...#.#
≈≈..#'####.####.........####'####
≈≈.....###.####..........##...#
≈≈...........##..###########.##
≈≈≈..........##..# #.#
≈≈.≈.........##..# ##.#
≈..≈.........##.@# #..#
...≈........).##g# #.##
#####'#...^...##.# ###.#
#.#######.##.# #...# #.# #.##.#
#.### #.# #.##.# #.# #<# #[##.#
#.# #.# #....# #.# #.# #.##.# #.#


You could see a gnoll.

Vanquished Creatures
  A bullfrog zombie (D:2)
  A jelly (D:3)
  2 adders (D:2)
  11 gnolls (D:3)
  2 oozes (D:1)
  3 worms
  A dart slug (D:2)
  A leopard gecko (D:1)
  4 giant cockroaches
  8 goblins
  5 hobgoblins
  16 jackals
  A quokka (D:2)
  5 bats
  5 frilled lizards
  3 kobolds
  4 rats
73 creatures vanquished.

Notes
Turn   | Place    | Note
-------+----------+-------------------------------------------
     0 | D:1      | Peloso the Minotaur Fighter began the quest for the Orb.
     0 | D:1      | Reached XP level 1. HP: 19/19 MP: 0/0
    24 | D:1      | Reached XP level 2. HP: 22/27 MP: 1/1
   287 | D:1      | Reached XP level 3. HP: 31/33 MP: 2/2
   789 | D:2      | Reached skill level 4 in Armour
   860 | D:2      | Found a faded altar of an unknown god.
  1011 | D:2      | Reached skill level 1 in Dodging
  1011 | D:2      | Reached XP level 4. HP: 35/41 MP: 3/3
  1634 | D:2      | Found a burning altar of Makhleb.
  1637 | D:2      | Found a basalt altar of Yredelemnul.
  1640 | D:2      | Found a radiant altar of Vehumet.
  1831 | D:3      | Reached XP level 5. HP: 45/47 MP: 4/4
  1864 | D:3      | Reached skill level 5 in Armour
  1984 | D:3      | Found a shattered altar of Ashenzari.
  2396 | D:3      | Reached XP level 6. HP: 22/53 MP: 5/5
  2407 | D:2      | Slain by a gnoll

Skill      XL: |  1  2  3  4  5 |
---------------+----------------+-----
Fighting       | 4 |  4.5
Shields        | 4 |  4.4
Armour         | 4 5 |  5.4
Long Blades    | 3 4 |  4.4
Dodging        | 1 2 |  2.1

Action                   |  1- 3 |  4- 6 || total
-------------------------+-------+-------++-------
Melee: Long sword        |    87 |   103 ||   190
       Headbutt          |    17 |    22 ||    39
  Eat: Chunk             |       |     5 ||     5
Armor: Scale mail        |    52 |    48 ||   100
Dodge: Dodged            |    25 |    43 ||    68
Block: Shield            |    54 |    64 ||   118
       Rpst.: Long sword |     7 |    10 ||    17
